 Dungeon Crawl Stone Soup version 0.29-a0-1027-gcd8c55af63 (webtiles) character file.

Game seed: 1807432685406593955

462 Zonian the Grave Robber (level 6, -2/41 HPs)
             Began as a Demonspawn Necromancer on Aug 13, 2022.
             Succumbed to an orc wizard's poison
             ... on level 5 of the Dungeon.
             The game lasted 00:14:39 (5283 turns).

Zonian the Grave Robber (Demonspawn Necromancer)    Turns: 5283, Time: 00:14:39

Health: -2/41      AC:  4    Str:  9    XL:     6   Next: 79%
Magic:  8/11       EV: 13    Int: 18    God:
Gold:   176        SH:  0    Dex: 13    Spells: 4/12 levels left

rFire   + . .      SeeInvis .   e - +0 dagger
rCold   . . .      Faith    .   (no shield)
rNeg    . . .      Spirit   .   a - +0 robe
rPois   .          Reflect  .   (helmet restricted)
rElec   .          Harm     .   (no cloak)
rCorr   .          Rampage  .   s - +1 pair of gloves
Will    .....                   (no boots)
Stlth   ++........              (no amulet)
HPRegen 0.13/turn               c - ring of protection from fire
MPRegen 0.12/turn               (no ring)

@: mighty, lethally poisoned (-2 -> -44), on berserk cooldown
A: antennae 1, demonic guardian 1, powered by death 1
a: no special abilities


You were on level 5 of the Dungeon.
You visited 1 branch of the dungeon, and saw 5 of its levels.

You collected 176 gold pieces.

Inventory:

Hand Weapons
 e - a +0 dagger (weapon)
 n - a +0 short sword
Missiles
 p - 4 poisoned darts
 r - 3 boomerangs
Armour
 a - a +0 robe (worn)
 d - a +0 helmet
 g - a +0 kite shield
 s - a +1 pair of gloves (worn)
Jewellery
 b - a ring of resist corrosion
 c - a ring of protection from fire (left hand)
 o - a ring of protection from fire
 q - an amulet of faith
Scrolls
 t - a scroll of identify
Potions
 h - a potion of mutation
 k - a potion of brilliance
 l - 2 potions of flight
 m - a potion of might


   Skills:
 + Level 3.6 Dodging
 + Level 3.9 Stealth
 + Level 3.7 Spellcasting
 + Level 5.8 Necromancy


You had 4 spell levels left.
You knew the following spells:

 Your Spells              Type           Power      Damage    Failure   Level
a - Necrotise             Necr           96%        1d8       1%          1
b - Vampiric Draining     Necr           24%        2d7       4%          3
c - Animate Dead          Necr           24%        N/A       14%         4

Your spell library contained the following spells:

 Spells                   Type           Power      Damage    Failure   Level
 Agony                    Necr           24%        N/A       36%         5
 Borgnjor's Vile Clutch   Necr/Erth      6%         N/A       77%         5
 Necromutation            Tmut/Necr      6%         N/A       100%        8


Dungeon Overview and Level Annotations

Branches:
Dungeon (5/15)
 Temple: D:4-7

Altars:
Fedhas
Gozag
Vehumet
Yredelemnul

Annotations:
D:2 1 runed translucent door, Crazy Yiuf, Sigmund


Innate Abilities, Weirdness & Mutations

You have a pair of small antennae on your head.
A weak demonic guardian rushes to your aid.
You regenerate a little health from kills.


Message History

Unknown command.
Are you sure you want to stumble around while confused and next to your hound skeleton? [Y]es or [N]o only, please.
Are you sure you want to stumble around while confused and next to your hound skeleton?
Okay, then.
You are too berserk!
Unknown command.
You feel sick.
Unknown command.
You feel a strong urge to attack something.
You are no longer berserk.
You are exhausted.
You feel yourself slow down.
You feel sick. Something hits you.
You are more poisoned.
Unknown command.
Okay, then.
Your magical effects are unravelling.
You feel magically purged.
You feel yourself speed up.
You feel less confused.
You feel extremely sick. Something hits you but does no damage.
You are more poisoned.
An ufetubus comes into view.
Something hits you but does no damage.
You are more poisoned.
Unknown command.
Casting: Necrotise (safe; 1% risk of failure)
Confirm with . or Enter, or press ? or * to list all spells.
Okay, then.
Okay, then.
You feel very mighty all of a sudden.
* * * LOW HITPOINT WARNING * * *
You feel extremely sick.
A gnoll comes into view. It is wielding a +0 spear.
Something hits you.
* * * LOW HITPOINT WARNING * * *
A demonic guardian appears!
You are more poisoned.
You miss something.
You die...

.... ...g ....# #...
..... #...
........###.$.
.........#... ....
#..5.5# ...# #..{.#
#..###Z@.# #...#...##
.## #......# ≈. ....
##..>.## .≈..
.....####...# #.≈.≈.
...........###..≈.≈._
..........#.....≈§§.§§
................≈§≈§≈§
.........#......≈...§§


You could see a gnoll, an ufetubus (ally target), a friendly quasit (summoned,
wandering) and a friendly hound skeleton.

Vanquished Creatures
  A scorpion (D:4)
  4 hounds
  An orc priest (D:4)
  A jelly (D:4)
  An iguana (D:4)
  An orc wizard (D:3)
  7 adders
  A gnoll (D:4)
  An ufetubus (D:5)
  A dart slug (D:1)
  8 orcs
  3 bats (D:1)
  8 endoplasms
  4 giant cockroaches
  4 goblins
  4 hobgoblins
  6 jackals
  A quokka (D:1)
  5 ball pythons
  4 frilled lizards
  9 kobolds
  7 rats
82 creatures vanquished.

Vanquished Creatures (collateral kills)
  3 dart slugs
  2 giant cockroaches
  2 goblins (D:3)
7 creatures vanquished.

Vanquished Creatures (others)
  3 fungi (D:3)
  10 plants (D:3)
13 creatures vanquished.

Grand Total: 102 creatures vanquished

Notes
Turn   | Place    | Note
-------+----------+-------------------------------------------
     0 | D:1      | Zonian the Demonspawn Necromancer began the quest for the
                  | Orb.
     0 | D:1      | Reached XP level 1. HP: 13/13 MP: 3/3
   312 | D:1      | Gained mutation: A weak demonic guardian rushes to your
                  | aid. [demonic ancestry]
   312 | D:1      | Reached XP level 2. HP: 16/19 MP: 0/5
  1095 | D:2      | Noticed Sigmund
  1377 | D:2      | Gained mutation: You have a pair of small antennae on your
                  | head. [demonic ancestry]
  1377 | D:2      | Reached XP level 3. HP: 20/24 MP: 6/6
  1772 | D:2      | Found a runed translucent door.
  1773 | D:2      | Noticed Crazy Yiuf
  1818 | D:2      | Found a radiant altar of Vehumet.
  2119 | D:3      | Reached XP level 4. HP: 14/30 MP: 0/8
  2320 | D:3      | Reached skill level 5 in Necromancy
  2741 | D:3      | Noticed a steam dragon
  3107 | D:3      | Found a faded altar of an unknown god.
  3136 | D:3      | Gained mutation: You regenerate a little health from kills.
                  | [demonic ancestry]
  3136 | D:3      | Reached XP level 5. HP: 28/35 MP: 4/9
  3623 | D:4      | Reached XP level 6. HP: 16/41 MP: 8/10
  4266 | D:4      | Learned a level 3 spell: Vampiric Draining
  4271 | D:4      | Learned a level 4 spell: Animate Dead
  4829 | D:4      | Found an opulent altar of Gozag.
  4892 | D:4      | Found a basalt altar of Yredelemnul.
  5019 | D:4      | Got the Verses on Death
  5239 | D:5      | Entered Level 5 of the Dungeon
  5240 | D:5      | Found a blossoming altar of Fedhas.
  5283 | D:5      | Succumbed to an orc wizard's poison

Illustrated notes

Levels and vault maps discovered:
D:1:      lightli_arrival_noodles, layout_basic, kennysheep_boxes
D:2:      layout_loops_cross, basic_altar, uniq_crazy_yiuf_cottage, uniq_sigmund
D:3:      layout_loops_ring, shapermc_ecumenical_altar_hornbeckon,
          minmay_misc_feat_doors
D:4:      layout_loops_ring, mainiacjoe_overflow_paths,
          nicolae_gozag_seed_capital, minmay_circle_x
D:5:      layout_cave_pools, mainiacjoe_overflow_concentric_impassable,
          minmay_fractal_squares_gapless_5

Skill      XL: |  1  2  3  4  5 |
---------------+----------------+-----
Stealth        | 2 3 |  3.9
Dodging        | 2 3 |  3.6
Necromancy     | 5 |  5.8
Spellcasting   | 3 |  3.7

Action                   |  1- 3 |  4- 6 || total
-------------------------+-------+-------++-------
Melee: Unarmed           |    10 |       ||    10
       Dagger            |    45 |   126 ||   171
       Punch             |       |     4 ||     4
 Cast: Necrotise         |    61 |    67 ||   128
  Use: Scroll            |     2 |    14 ||    16
       Potion            |     1 |     6 ||     7
 Stab: Sleeping          |     4 |     6 ||    10
Armor: Robe              |    12 |    44 ||    56
Dodge: Dodged            |    39 |   137 ||   176

Table legend: (Time is in decaauts)
 A = Elapsed time spent in this place.
 B = Non-inter-level travel time spent in this place.
 C = Inter-level travel time spent in this place.
 D = Time resting spent in this place.
 E = Time spent auto-exploring this place.
 F = Levels seen in this place.
 G = Mean time per level.
                   A        B        C        D        E       F      G
               +--------+--------+--------+--------+--------+-----+--------+
         Total |   5283 |   5188 |     95 |   1307 |   2259 |   5 | 1056.6 |
       Dungeon |   5283 |   5188 |     95 |   1307 |   2259 |   5 | 1056.6 |
               +--------+--------+--------+--------+--------+-----+--------+

Top non-repeatable levels by time:
     D:3: 1861 daAuts
     D:4: 1581 daAuts
     D:1: 1007 daAuts
     D:2: 794 daAuts
     D:5: 39 daAuts
